 Dungeon Crawl Stone Soup version 0.31-a0-836-g3ceb0a68c4 (webtiles) character file.

Game seed: 8048933534550005383

518902 Kurtz the Hoplite (level 25, -13/291 HPs)
             Began as an Octopode Fighter on Sept 25, 2023.
             Was a High Priest of Okawaru.
             Mangled by Mennas
             ... wielding a +4 eudemon blade of holy wrath
              (17 damage)
             ... on level 4 of the Depths on Sept 26, 2023.
             The game lasted 02:09:35 (67524 turns).

Kurtz the Hoplite (Octopode Fighter)               Turns: 67524, Time: 02:09:35

Health: -13/291    AC:  7    Str: 25    XL:     25   Next: 81%
Magic:  35/36      EV: 36    Int:  7    God:    Okawaru [*****.]
Gold:   2128       SH: 43    Dex: 24    Spells: 24/28 levels left

rFire   + . .        b - +10 broad axe "Ukhit" {flame, rElec rF+}
rCold   + . .        s - +10 tower shield of Ignorance {rN+ Int-4}
rNeg    + . .        Z - +2 hat
rPois   +            G - amulet "Ucin" {Reflect Rampage SH+5}
rElec   +            o - ring "Qopn" {Wiz Drain Str+3 Dex+3}
rCorr   +            t - ring of poison resistance
SInv    +            C - ring "Pyub" {rElec rCorr Str+4 Dex+3}
Will    ++...        n - ring of protection from cold Stlth
                     D - +4 ring of protection
HPRegen 0.68/turn    l - ring "Xujom" {Fly rCorr SInv}
MPRegen 0.25/turn    Q - +4 ring of slaying
                     I - ring of willpower

%: reflection, rampage, wizardry (x1)
@: berserking (expiring), heroic, flying, hasted, glowing, studying 2 skills,
very quick
A: almost no armour, amphibious, 8 rings, camouflage 1, gelatinous body 1,
(nimble swimmer 1), tentacles, weak 1, noise suppression
}: 2/15 runes: serpentine, barnacled
a: Renounce Religion, Heroism, Finesse, Duel


You were on level 4 of the Depths.
You worshipped Okawaru.
Okawaru was extremely pleased with you.
You visited 9 branches of the dungeon, and saw 42 of its levels.
You visited 1 bazaar.
You also visited: Gauntlet and Wizlab.

You collected 6435 gold pieces.
You spent 4307 gold pieces at shops.

Inventory:

Hand Weapons
 b - the +10 broad axe "Ukhit" (weapon) {flame, rElec rF+}
   (You took it off a deep elf high priest on level 3 of the Elven Halls)

   rF+:       It protects you from fire.
   rElec:     It insulates you from electricity.
Missiles
 S - 35 silver javelins
 W - 17 curare-tipped darts (quivered)
 Y - 6 throwing nets
Armour
 s - the +10 tower shield of Ignorance (worn) {rN+ Int-4}
   (You took it off a deep elf high priest on level 3 of the Elven Halls)

   Int-4:     It affects your intelligence (-4).
   rN+:       It protects you from negative energy.
 Z - a +2 hat (worn)
Jewellery
 a - a ring of ice
 f - a ring of willpower
 l - the ring "Xujom" (on tentacle) {Fly rCorr SInv}
   (You found it in a Gauntlet)

   [ring of flight]

   SInv:      It lets you see invisible.
   Fly:       It grants you flight.
   rCorr:     It protects you from acid and corrosion.
 n - a ring of protection from cold (on tentacle)
 o - the ring "Qopn" (left tentacle) {Wiz Drain Str+3 Dex+3}
   (You acquired it on level 3 of the Elven Halls)

   [ring of wizardry]

   Wiz:       It improves your spell success rate.
   Str+3:     It affects your strength (+3).
   Dex+3:     It affects your dexterity (+3).
   Drain:     It drains your maximum health when unequipped.
 r - a ring of protection from fire
 t - a ring of poison resistance (right tentacle)
 C - the ring "Pyub" (on tentacle) {rElec rCorr Str+4 Dex+3}
   (You bought it in a shop on level 2 of the Orcish Mines)

   [ring of resist corrosion]

   Str+4:     It affects your strength (+4).
   Dex+3:     It affects your dexterity (+3).
   rElec:     It insulates you from electricity.
   rCorr:     It protects you from acid and corrosion.
 D - a +4 ring of protection (on tentacle)
 G - the amulet "Ucin" (around mantle) {Reflect Rampage SH+5}
   (You found it on level 2 of the Depths)

   [amulet of reflection]

   Reflect:   It reflects blocked missile attacks.
   SH+5:      It affects your SH (+5).
   Rampage:   It bestows one free step when moving towards enemies.
 H - a ring of protection from fire
 I - a ring of willpower (on tentacle)
 Q - a +4 ring of slaying (on tentacle)
Wands
 e - a wand of mindburst (31)
 m - a wand of flame (22)
 p - a wand of roots (28)
 q - a wand of digging (24)
 E - a wand of acid (26)
 U - a wand of paralysis (2)
Scrolls
 d - a scroll of immolation
 i - 16 scrolls of teleportation
 j - 5 scrolls of revelation
 k - 4 scrolls of silence
 u - 10 scrolls of poison
 y - 8 scrolls of fog
 J - 2 scrolls of amnesia
 L - 15 scrolls of blinking
 P - 5 scrolls of summoning
 T - 13 scrolls of enchant armour
 X - 3 scrolls of fear
Potions
 c - 6 potions of might
 h - 7 potions of mutation
 v - 2 potions of berserk rage
 w - 5 potions of brilliance
 x - 6 potions of magic
 z - 7 potions of lignification
 A - 13 potions of enlightenment
 B - 10 potions of heal wounds
 F - a potion of resistance
 K - 3 potions of ambrosia
 N - 21 potions of curing
 O - 12 potions of haste
 R - 3 potions of cancellation
 V - 4 potions of invisibility
Miscellaneous
 M - a tin of tremorstones (2/2)


   Skills:
 + Level 21.8(26.8) Fighting
 - Level 18.0(23.0) Axes
 * Level 20.0(25.0) Dodging
 + Level 7.1(12.1) Stealth
 * Level 23.7(27) Shields
 - Level 2.1 Spellcasting
 - Level 1.5 Translocations
 * Level 19.7 Invocations


You had 24 spell levels left.
You knew the following spells:

 Your Spells              Type           Power      Damage    Failure   Level
a - Passage of Golubria   Tloc           2%         N/A       58%         4

Your spell library contained the following spells:

 Spells                   Type           Power      Damage    Failure   Level
 Apportation              Tloc           4%         N/A       9%          1
 Blink                    Tloc           4%         N/A       12%         2
 Lesser Beckoning         Tloc           4%         N/A       12%         2
 Freeze                   Ice            0%         1d3       16%         1
 Necrotise                Necr           0%         1d4       16%         1
 Sandblast                Erth           0%         2d4       16%         1
 Slow                     Hex            0%         N/A       16%         1
 Sting                    Tmut/Pois      0%         1d3       16%         1
 Momentum Strike          Conj/Tloc      2%         3d8       16%         2
 Cigotuvi's Dreadful Rot  Necr/Pois/Air  0%         N/A       22%         2
 Ensorcelled Hibernation  Hex/Ice        0%         N/A       22%         2
 Jinxbite                 Hex            0%         N/A       22%         2
 Passwall                 Tmut/Erth      0%         N/A       22%         2
 Searing Ray              Conj           0%         2d4       22%         2
 Sublimation of Blood     Necr           0%         N/A       22%         2
 Volatile Blastmotes      Fire/Tloc      2%         2d10      32%         3
 Confusing Touch          Hex            0%         N/A       41%         3
 Frozen Ramparts          Ice            0%         1d1       41%         3
 Hailstorm                Conj/Ice       0%         3d3       41%         3
 Inner Flame              Hex/Fire       0%         N/A       41%         3
 Sigil of Binding         Hex            0%         N/A       41%         3
 Stone Arrow              Conj/Erth      0%         3d7       41%         3
 Swiftness                Air            0%         N/A       41%         3
 Vampiric Draining        Necr           0%         2d6       41%         3
 Manifold Assault         Tloc           2%         N/A       58%         4
 Dimensional Bullseye     Hex/Tloc       0%         N/A       69%         4
 Iskenderun's Mystic Bla  Conj/Tloc      1%         2d3       69%         4
 Vhi's Electric Charge    Tloc/Air       2%         N/A       69%         4
 Anguish                  Hex/Necr       0%         N/A       80%         4
 Brom's Barrelling Bould  Conj/Erth      0%         2d3       80%         4
 Cause Fear               Hex            0%         N/A       80%         4
 Dispel Undead            Necr           0%         3d6       80%         4
 Flame Wave               Conj/Fire      0%         2d4       80%         4
 Fulminant Prism          Conj/Hex       0%         3d5       80%         4
 Leda's Liquefaction      Hex/Erth       0%         N/A       80%         4
 Petrify                  Tmut/Erth      0%         N/A       80%         4
 Sticky Flame             Conj/Fire      0%         2d3       80%         4
 Agony                    Necr           0%         N/A       98%         5
 Borgnjor's Vile Clutch   Necr/Erth      0%         N/A       98%         5
 Fireball                 Conj/Fire      0%         3d3       98%         5
 Freezing Cloud           Conj/Ice/Air   0%         6-21      98%         5
 Irradiate                Conj/Tmut      0%         3d11      98%         5
 Iskenderun's Battlesphe  Conj           0%         2d6       98%         5
 Lee's Rapid Deconstruct  Erth           0%         3d4*      98%         5
 Metabolic Englaciation   Hex/Ice        0%         N/A       98%         5
 Yara's Violent Unravell  Hex/Tmut       0%         3d3       98%         5
 Bombard                  Conj/Erth      0%         9d1       100%        6
 Conjure Ball Lightning   Conj/Air       0%         3x3d6     100%        6
 Plasma Beam              Fire/Air       0%         2x1d10    100%        6
 Enfeeble                 Hex            0%         N/A       100%        7
 Orb of Destruction       Conj           0%         9d5       100%        7
 Lehudib's Crystal Spear  Conj/Erth      0%         10d2      100%        8
 Chain Lightning          Conj/Air       0%         N/A       100%        9
 Fire Storm               Conj/Fire      0%         5d1       100%        9
 Shatter                  Erth           0%         3d5*      100%        9
 Summon Small Mammal      Summ           Unusable   N/A       N/A         1
 Call Canine Familiar     Summ           Unusable   N/A       N/A         3
 Summon Guardian Golem    Hex/Summ       Unusable   N/A       N/A         3
 Tukima's Dance           Hex            Unusable   N/A       N/A         3
 Animate Armour           Summ/Erth      Unusable   N/A       N/A         4
 Animate Dead             Necr           Unusable   N/A       N/A         4
 Summon Ice Beast         Ice/Summ       Unusable   N/A       N/A         4
 Summon Lightning Spire   Summ/Air       Unusable   N/A       N/A         4
 Death Channel            Necr           Unusable   N/A       N/A         6
 Haunt                    Necr/Summ      Unusable   N/A       N/A         7
 Spellforged Servitor     Conj/Summ      Unusable   N/A       N/A         7
 Summon Hydra             Summ           Unusable   N/A       N/A         7
 Dragon's Call            Summ           Unusable   N/A       N/A         9

Dungeon Overview and Level Annotations

Branches:
Dungeon (15/15)            Temple (1/1) D:4            Lair (5/5) D:8
 Shoals (4/4) Lair:3        Snake (4/4) Lair:3        Slime (0/5) Lair:5
    Orc (2/2) D:12            Elf (3/3) Orc:2        Vaults (4/5) D:14
  Crypt (0/3) Vaults:2     Depths (4/4) D:15         WizLab (visited)
Gauntlet (visited)
    Zot: Depths:4

Altars:
Ashenzari
Cheibriados
Dithmenos
Elyvilon
Fedhas
Gozag
Hepliaklqana
Kikubaaqudgha
Makhleb
Nemelex Xobeh
Okawaru
Qazlal
Ru
Sif Muna
Trog
Uskayaw
Vehumet
Wu Jian
Xom
Yredelemnul
Zin
The Shining One
Jiyva
Lugonu

Shops:
D:2 [*   D:4 *   D:9 ?   D:13 [   Orc:2 =:(=   Elf:1 (   Snake:2 :?!
Vaults:1 [*   Vaults:2 [   Vaults:3 ?

Portals:
Hell: Depths:1 Depths:2 Depths:3
Abyss: Lair:5 Depths:3
Pandemonium: Depths:1 Depths:2 Depths:3
Ziggurat: Depths:1

Annotations:
D:8 exclusion: two-headed ogre
D:12 2 transporters, TheScarfBastard's ghost, journeyman DrBe
D:14 exclusion: downstairs
D:15 3 exclusions
Lair:4 exclusion: downstairs
Shoals:1 6 transporters
Shoals:4 exclusion: door
Depths:4 Mennas


Innate Abilities, Weirdness & Mutations

You cannot wear most types of armour.
You are amphibious.
You can wear up to eight rings at the same time.
Your skin changes colour to match your surroundings (Stealth+).
Your rubbery body absorbs attacks. (AC +1, EV +1)
((You are camouflaged when in or above water. (Stealth+)))
You have tentacles for arms and can constrict up to eight enemies at once.
You are weak. (Str -2)
You passively dampen the noise of your surroundings.


Message History

Mennas closely misses you.
You slash the ettin! You burn the ettin! Your squeeze misses the ettin.
The ettin is moderately wounded.
You slice the hell knight!! You slice Mennas!! You burn Mennas!
You slice the hell knight!!
The hell knight hits you with a +2 battleaxe of pain.
* * * LOW HITPOINT WARNING * * *
The hell knight hits you but does no damage.
Mennas hits you with a +4 eudemon blade of holy wrath!!
* * * LOW HITPOINT WARNING * * *
Mennas hits you with a +4 eudemon blade of holy wrath!!
* * * LOW HITPOINT WARNING * * *
The ettin completely misses you. The ettin barely misses you.
Unknown command.
You bump into the rock wall.
The hell knight closely misses you. The hell knight completely misses you.
Mennas completely misses you.
Mennas hits you with a +4 eudemon blade of holy wrath!
* * * LOW HITPOINT WARNING * * *
Unknown command.
You chop the hell knight into pieces!!!
You kill the hell knight!
Okawaru accepts your kill.
You completely miss the hell knight. You hit Mennas. You burn Mennas.
You slash the ettin! You burn the ettin.
The ettin hits you with a +0 dire flail.
* * * LOW HITPOINT WARNING * * *
The ettin completely misses you.
You bump into the rock wall.
The hell knight misses you. Mennas completely misses you.
Mennas hits you with a +4 eudemon blade of holy wrath.
* * * LOW HITPOINT WARNING * * *
Unknown command.
Unknown command.
Unknown command.
You bump into the rock wall.
You feel a strong urge to attack something.
You feel less confused. You block the hell knight's attack.
Mennas hits you with a +4 eudemon blade of holy wrath!
You die...

.$ . . .# ##
#####.#..# #.........
#)p)...... ...
#@A....... ....######
##C###...##
...#....####))..#####
#.#......[#......#
#.........))###.C#
#....))))### ##..
#.....)....# .#
#..........# #
###.##......#


You could see Mennas, an ettin and a hell knight (fast).

Vanquished Creatures
  An ancient lich (Depths:2)
  Mara (Vaults:3)
  A juggernaut (Depths:3)
  Margery (Vaults:3)
  8 caustic shrikes (Depths:3)
  2 golden dragons (Depths:3)
  the Enchantress (Depths:2)
  Nikola (Shoals:3)
  2 walking crystal tomes (Depths:3)
  A Cloud Mage (WizLab)
  5 liches (Depths:3)
  A tentacled monstrosity (Depths:3)
  Mlioglotl (Shoals:2)
  A walking earthen tome (Depths:3)
  Asterion (Depths:2)
  A titan (Vaults:4)
  3 deep elf blademasters (Elf:3)
  2 deep elf master archers (Elf:3)
  2 walking divine tomes (Depths:3)
  2 sphinxes
  3 krakens
  4 tengu reavers
  Aizul (Vaults:3)
  Kirke (Snake:1)
  A shadow dragon (Depths:2)
  A storm dragon (Depths:3)
  8 nagarajas
  Roxanne (Shoals:3)
  8 fire giants
  An iron dragon (Depths:2)
  14 deep elf sorcerers
  6 frost giants
  A balrug (Depths:1)
  12 vault wardens
  2 orc warlords
  2 deep elf elementalists (Elf:3)
  A spectral juggernaut (Depths:2)
  14 ironbound preservers
  2 spectral caustic shrikes (Depths:2)
  16 very ugly things
  A formless jellyfish (Vaults:3)
  A cacodemon (Depths:3)
  6 stone giants
  9 ironbound thunderhulks
  2 war gargoyles (Depths:2)
  8 spriggan defenders
  9 deep elf demonologists
  4 vampire knights
  10 deep elf annihilators (Elf:3)
  Azrael (D:15)
  A minotaur (Gauntlet)
  6 dire elephants
  3 spectral titans (Depths:2)
  Snorg (Orc:1)
  10 spark wasps
  12 deep elf death magi
  8 ettins
  4 blizzard demons (WizLab)
  5 fire dragons
  5 merfolk impalers
  4 eidola (Depths:2)
  3 jiangshi (Depths:2)
  7 merfolk javelineers
  2 spectral golden dragons (Depths:2)
  A spectral quicksilver dragon (Depths:3)
  4 spectral spriggans (Depths:2)
  5 great orbs of eyes
  Harold (Orc:1)
  2 spriggan zombies (Depths:3)
  7 yaktaur captains
  6 deep elf high priests
  2 entropy weavers
  6 hydras
  Erolcha (Orc:1)
  A spectral tengu (Depths:2)
  3 rakshasas
  2 salamander tyrants
  6 vault guards
  15 spriggan air magi
  A caustic shrike simulacrum (Depths:3)
  A juggernaut simulacrum (Depths:3)
  4 spectral sphinxes (Depths:2)
  9 anacondas
  2 peacekeepers
  9 ironbound frosthearts
  6 ice dragons
  A catoblepas (Lair:5)
  An ogre mage (Vaults:4)
  3 boulder beetles
  A ghost crab (WizLab)
  2 merfolk avatars
  15 centaur warriors
  8 tengu warriors
  31 dancing weapons
  16 naga warriors
  5 spectral frost giants (Depths:2)
  A satyr (Shoals:4)
  2 alligator snapping turtles (Shoals:4)
  6 two-headed ogres
  4 merfolk aquamancers
  14 naga sharpshooters
  10 death yaks
  A sphinx skeleton (Depths:3)
  2 thrashing horrors (Lair:5)
  4 vampire magi
  17 shock serpents
  A spectral storm dragon (Depths:2)
  3 spriggan berserkers (Depths:3)
  21 deep elf knights
  2 sun demons (Depths:1)
  22 hell knights
  3 skysharks
  2 soul eaters
  2 salamander mystics (Snake:3)
  7 skeletal warriors (Vaults:2)
  A spectral spark wasp (Depths:2)
  A storm dragon skeleton (Vaults:2)
  8 glowing orange brains
  2 flayed ghosts (Depths:2)
  Lodul (D:11)
  6 naga ritualists
  16 sea snakes
  3 death drakes
  2 orange crystal statues (Depths:2)
  43 deep trolls
  2 spectral iron dragons (Depths:2)
  10 wizards
  10 deep elf archers
  Pikel (D:7)
  2 lindwurms (shapeshifter)
  A harpy (shapeshifter) (Vaults:1)
  5 orc knights
  5 phantasmal warriors
  13 ironbound convokers
  14 lindwurms
  36 deep elf zephyrmancers
  8 necromancers
  An obsidian statue (Gauntlet)
  3 harpies
  33 deep elf pyromancers
  A salamander (shapeshifter) (D:15)
  A mana viper (shapeshifter) (Vaults:3)
  6 mana vipers
  A wolf spider (Gauntlet)
  9 cyclopes
  An iron dragon zombie (Depths:3)
  An iron dragon skeleton (Depths:3)
  4 fauns (Shoals:2)
  25 ugly things
  A shadow dragon skeleton (Vaults:2)
  10 salamanders
  A large abomination (Lair:5)
  13 manticores
  3 tengu skeletons (Vaults:2)
  11 merfolk sirens
  A frost giant skeleton (Vaults:2)
  41 black mambas
  A rust devil (Depths:3)
  6 water nymphs
  11 elephants
  20 naga magi
  7 apocalypse crabs (WizLab)
  A fire giant skeleton (Depths:3)
  3 smoke demons (Lair:5)
  13 guardian serpents
  15 vault sentinels
  Maurice (Orc:1)
  An orange demon (Depths:3)
  A gargoyle (D:12)
  A cane toad (shapeshifter) (Lair:5)
  18 cane toads
  36 yaktaurs
  6 spectral glowing shapeshifters (Depths:2)
  9 komodo dragons
  6 rime drakes
  An efreet (D:15)
  A spectral human (Depths:1)
  2 freezing wraiths
  An unseen horror (D:13)
  2 golden dragon simulacra (Depths:2)
  A red devil (Depths:3)
  6 tengu conjurers
  An unseen horror (shapeshifter) (Elf:3)
  A spriggan skeleton (Depths:2)
  An ice devil (Depths:3)
  9 trolls
  4 polar bears
  6 meliai
  A troll (shapeshifter) (Elf:2)
  27 merfolk
  2 shadow dragon simulacra (Depths:2)
  2 hellwings (Depths:3)
  2 tengu simulacra (Depths:2)
  4 wind drakes
  21 blink frogs
  A raiju (Lair:5)
  7 hornets
  3 iron dragon simulacra (Depths:2)
  23 slime creatures
  7 dream sheep (Lair:1)
  16 air elementals
  A jumping spider (Gauntlet)
  14 snapping turtles
  10 spriggans
  A vampire (D:11)
  An ettin skeleton (Vaults:2)
  2 ynoxinuls
  6 wyverns
  7 fire elementals
  A wraith (D:12)
  36 yaks
  26 water elementals
  A golden eye (shapeshifter) (Elf:3)
  4 basilisks
  2 neqoxecs (Depths:3)
  7 hogs (Snake:1)
  10 vampire mosquitoes
  A chaos spawn (Lair:5)
  Menkaure (D:7)
  2 steam dragons
  An acid dragon (D:14)
  5 wargs
  52 nagas
  5 hell hounds (D:15)
  A floating eye (Depths:2)
  9 water moccasins
  38 orc warriors
  2 swamp drakes (Lair:3)
  8 ice beasts
  A sky beast (D:6)
  2 black bears
  13 ogres
  2 spriggan simulacra (Depths:2)
  5 wolves
  11 small abominations (Lair:5)
  4 human skeletons (Vaults:2)
  The ghost of Kurtz the Shield-Bearer, an amateur OpFi (D:3)
  A lemure (D:7)
  A phantom (D:7)
  11 centaurs
  2 kobold brigands
  18 bullfrogs
  A glowing shapeshifter simulacrum (Depths:2)
  A gnoll sergeant (D:8)
  5 earth elementals
  2 scorpions
  9 wights
  19 killer bees
  An electric eel (D:8)
  5 howler monkeys
  7 hounds
  16 orc priests
  Crazy Yiuf (D:7)
  8 jellies
  A gnoll bouda (D:3)
  2 sleepcaps
  3 hell rats (D:15)
  19 orc wizards
  2 iguanas
  25 gnolls
  4 adders
  A white imp (D:7)
  2 ufetubi (D:6)
  2 worms
  A dart slug (D:4)
  75 orcs
  8 bats
  8 endoplasms
  A giant cockroach (D:2)
  11 goblins
  6 hobgoblins
  17 jackals
  3 quokkas
  8 ball pythons
  3 frilled lizards
  13 kobolds
  2 rats (D:2)
  3 tentacles (Shoals:3)
1846 creatures vanquished.

Vanquished Creatures (others)
  A deep elf annihilator (Elf:3)
  A deep elf zephyrmancer (Elf:3)
  An ugly thing (D:14)
  A merfolk (Shoals:3)
  A water elemental (Shoals:4)
  9 tentacles
14 creatures vanquished.

Grand Total: 1860 creatures vanquished

Notes
Turn   | Place    | Note
-------+----------+-------------------------------------------
     0 | D:1      | Kurtz the Octopode Fighter began the quest for the Orb.
     0 | D:1      | Reached XP level 1. HP: 16/16 MP: 1/1
    92 | D:1      | Reached XP level 2. HP: 14/21 MP: 2/2
   820 | D:1      | Reached XP level 3. HP: 20/26 MP: 3/3
  1115 | D:2      | Found Tutiuqoc's General Store.
  1118 | D:2      | Found Usibire's Antique Armour Emporium.
  1235 | D:2      | Reached XP level 4. HP: 31/31 MP: 4/4
  1593 | D:3      | Found a white marble altar of Elyvilon.
  1818 | D:3      | Found a blossoming altar of Fedhas.
  1818 | D:3      | Found a bloodstained altar of Trog.
  1948 | D:3      | Found a runed translucent door.
  1950 | D:3      | Noticed Kurtz's ghost (amateur OpFi)
  1972 | D:3      | Reached skill level 5 in Axes
  1973 | D:3      | Reached XP level 5. HP: 36/36 MP: 5/5
  2346 | D:4      | Found a staircase to the Ecumenical Temple.
  2357 | Temple   | Entered the Ecumenical Temple
  2382 | Temple   | Became a worshipper of Warmaster Okawaru
  2450 | D:4      | Found Ytay's General Store.
  2460 | D:4      | Bought a scroll of teleportation for 39 gold pieces
  2482 | D:4      | Found a sparkling altar of Nemelex Xobeh.
  2758 | D:3      | Found a sacrificial altar of Ru.
  2759 | D:3      | Found a hazy altar of Hepliaklqana.
  2877 | D:3      | Reached XP level 6. HP: 36/42 MP: 6/6
  2933 | D:3      | Reached * piety under Okawaru
  3064 | D:3      | Reached skill level 1 in Invocations
  3064 | D:3      | Reached XP level 7. HP: 46/46 MP: 7/7
  3188 | D:3      | Got an inconspicuous book
  3371 | D:5      | Entered Level 5 of the Dungeon
  3493 | D:5      | Reached XP level 8. HP: 52/52 MP: 9/9
  3518 | D:5      | Reached ** piety under Okawaru
  3908 | D:5      | Found a shimmering altar of Xom.
  4053 | D:5      | Noticed a slime creature
  4053 | D:5      | Noticed a slime creature
  4073 | D:5      | Killed a slime creature
  4079 | D:5      | Killed a slime creature
  4317 | D:5      | Reached skill level 10 in Axes
  4444 | D:6      | Reached XP level 9. HP: 43/56 MP: 11/11
  4611 | D:6      | Found a burning altar of Makhleb.
  4611 | D:6      | Noticed a balrug
  5125 | D:6      | Reached skill level 5 in Dodging
  5209 | D:6      | Reached *** piety under Okawaru
  5551 | D:7      | You fall into a shaft and drop 2 floors!
  5582 | D:8      | Noticed a troll
  5595 | D:8      | Killed a troll
  5617 | D:8      | Gained mutation: You are robust. (+10% HP) [potion of
                  | mutation]
  5617 | D:8      | Gained mutation: You are weak. (Str -2) [potion of
                  | mutation]
  5617 | D:8      | Lost mutation: You are robust. (+10% HP) [potion of
                  | mutation]
  5617 | D:8      | Gained mutation: You passively dampen the noise of your
                  | surroundings. [potion of mutation]
  5788 | D:8      | Noticed a cyclops
  5797 | D:8      | Killed a cyclops
  5798 | D:8      | Reached skill level 4 in Shields
  5798 | D:8      | Reached XP level 10. HP: 25/65 MP: 10/13
  6217 | D:8      | Found an ornate altar of the Wu Jian Council.
  6487 | D:8      | Found an ancient bone altar of Kikubaaqudgha.
  6637 | D:8      | Found a staircase to the Lair.
  6640 | D:8      | Reached **** piety under Okawaru
  6641 | D:8      | Reached skill level 5 in Fighting
  6722 | D:8      | Reached skill level 5 in Invocations
  6799 | D:8      | Noticed a two-headed ogre
  7638 | D:9      | Found a radiant altar of Vehumet.
  7706 | D:9      | Found Caah's Magic Scroll Shoppe.
  7712 | D:9      | Bought a scroll of fog for 56 gold pieces
  7778 | D:9      | Reached skill level 5 in Shields
  7784 | D:9      | Reached ***** piety under Okawaru
  8083 | D:9      | Reached XP level 11. HP: 64/72 MP: 15/15
  8576 | D:9      | Received a gift from Okawaru
  8659 | D:10     | Entered Level 10 of the Dungeon
  8887 | D:10     | Noticed a two-headed ogre
  8907 | D:10     | Killed a two-headed ogre
  9420 | D:11     | Noticed a two-headed ogre
  9448 | D:11     | Noticed a two-headed ogre
  9460 | D:11     | Killed a two-headed ogre
  9508 | D:11     | Found a gate leading to a gauntlet.
  9519 | Gauntlet | Entered a Gauntlet
  9519 | Gauntlet | Found a transporter.
  9609 | Gauntlet | Found a runed translucent door.
  9609 | Gauntlet | Noticed a catoblepas
  9610 | Gauntlet | Found a transporter.
  9611 | Gauntlet | Found a runed translucent door.
  9622 | Gauntlet | Found a transporter.
  9626 | Gauntlet | Found a transporter.
  9636 | Gauntlet | Found a transporter.
  9653 | Gauntlet | Noticed a wolf spider
  9654 | Gauntlet | Noticed an entropy weaver
  9656 | Gauntlet | Found a transporter.
  9669 | Gauntlet | Found a transporter.
  9669 | Gauntlet | Noticed a great orb of eyes
  9671 | Gauntlet | Noticed a red ugly thing
  9672 | Gauntlet | Noticed a purple ugly thing
  9689 | Gauntlet | Found a transporter.
  9693 | Gauntlet | Found a transporter.
  9693 | Gauntlet | Noticed an obsidian statue
  9701 | Gauntlet | Found a transporter.
  9723 | Gauntlet | Found a transporter.
  9725 | Gauntlet | Found a transporter.
  9725 | Gauntlet | Noticed an obsidian statue
  9729 | Gauntlet | Found a runed translucent door.
  9730 | Gauntlet | Found a runed translucent door.
  9812 | Gauntlet | Killed an obsidian statue
  9813 | Gauntlet | Identified the ring "Puquob" {EV+5 Str-3 Int+3 Dex+5 SInv}
  9877 | Gauntlet | Killed a wolf spider
  9885 | Gauntlet | Reached skill level 6 in Shields
  9892 | Gauntlet | Killed an entropy weaver
  9897 | Gauntlet | Identified the ring "Xujom" {Fly rCorr SInv}
 10081 | Gauntlet | Noticed a minotaur
 10099 | Gauntlet | Killed a minotaur
 10309 | D:11     | Killed a two-headed ogre
 10310 | D:11     | Reached XP level 12. HP: 82/82 MP: 17/17
 10353 | D:11     | Noticed Lodul
 10372 | D:11     | Killed Lodul
 10926 | D:12     | Noticed a two-headed ogre
 10949 | D:12     | Killed a two-headed ogre
 11005 | D:12     | Found a shadowy altar of Dithmenos.
 11049 | D:12     | Received a gift from Okawaru
 11242 | D:12     | Found a staircase to the Orcish Mines.
 11598 | D:12     | Found a transporter.
 11598 | D:12     | Noticed TheScarfBastard's ghost (journeyman DrBe)
 11599 | D:12     | Found a transporter.
 12107 | D:13     | Found Elara's Armour Emporium.
 12112 | D:13     | Bought a +1 hat for 187 gold pieces
 12147 | D:13     | Noticed a two-headed ogre
 12170 | D:13     | Killed a two-headed ogre
 12485 | D:13     | Reached skill level 7 in Shields
 12793 | D:14     | Received a gift from Okawaru
 12978 | D:14     | Found a gate to the Vaults.
 12978 | D:14     | Noticed a tengu warrior
 12978 | D:14     | Noticed a centaur warrior
 12978 | D:14     | Noticed a vault guard
 12978 | D:14     | Noticed a vault guard
 12978 | D:14     | Noticed a vault guard
 12978 | D:14     | Noticed a boulder beetle
 12978 | D:14     | Noticed a vault guard
 12978 | D:14     | Noticed a tengu warrior
 12997 | D:14     | Reached XP level 13. HP: 90/90 MP: 17/19
 13068 | D:14     | Reached skill level 10 in Dodging
 13146 | D:14     | Found a glowing silver altar of Zin.
 13382 | D:14     | Killed a vault guard
 13907 | D:13     | Reached skill level 10 in Fighting
 13907 | D:13     | Reached skill level 8 in Shields
 13910 | D:13     | Received a gift from Okawaru
 14266 | D:14     | Killed a vault guard
 14466 | D:14     | Killed a vault guard
 14632 | D:14     | Killed a vault guard
 15244 | D:15     | Entered Level 15 of the Dungeon
 15384 | D:15     | Received a gift from Okawaru
 15753 | D:15     | Noticed an ice dragon
 15753 | D:15     | Noticed a fire dragon
 15961 | Lair:1   | Entered Level 1 of the Lair of Beasts
 16393 | Lair:1   | Reached XP level 14. HP: 77/99 MP: 19/21
 16774 | Lair:2   | Reached skill level 15 in Axes
 16865 | Lair:2   | Received a gift from Okawaru
 17106 | Lair:2   | Identified the +6 long sword of Harmony {flame, +Blink
                  | rCorr SInv}
 17650 | Lair:3   | Reached skill level 9 in Shields
 17654 | Lair:3   | Reached skill level 10 in Invocations
 17833 | Lair:3   | Received a gift from Okawaru
 17980 | Lair:3   | Found a staircase to the Snake Pit.
 18267 | Lair:3   | Found a staircase to the Shoals.
 18337 | Lair:3   | Received a gift from Okawaru
 20014 | Lair:5   | Entered Level 5 of the Lair of Beasts
 20153 | Lair:4   | Received a gift from Okawaru
 20542 | Lair:5   | Reached XP level 15. HP: 73/108 MP: 22/22
 20679 | Lair:5   | Noticed Sonja
 20681 | Lair:5   | Sonja changed into Sonja the polar bear
 20681 | Lair:5   | Noticed Sonja
 20689 | Lair:5   | Killed Sonja the polar bear
 20994 | Lair:5   | Received a gift from Okawaru
 21648 | Lair:5   | Found a staircase to the Slime Pits.
 21648 | Lair:5   | Found a viscous altar of Jiyva.
 21671 | Lair:5   | Reached skill level 10 in Shields
 22318 | Lair:5   | Received a gift from Okawaru
 22531 | Lair:5   | Found a corrupted altar of Lugonu.
 22531 | Lair:5   | Found a one-way gate to the infinite horrors of the Abyss.
 22914 | Orc:1    | Entered Level 1 of the Orcish Mines
 23161 | Orc:1    | Noticed an orc warlord
 23194 | Orc:1    | Killed an orc warlord
 23194 | Orc:1    | Received a gift from Okawaru
 23282 | Orc:1    | Found a bloodstained altar of Trog.
 23750 | Orc:2    | Entered Level 2 of the Orcish Mines
 24052 | Orc:2    | Found a staircase to the Elven Halls.
 24515 | Orc:2    | Found Meinau's Antique Weapon Emporium.
 24515 | Orc:2    | Found Bucu's Book Boutique.
 24515 | Orc:2    | Found Johip's Jewellery Shop.
 24518 | Orc:2    | Found Denor's Jewellery Shoppe.
 24723 | Orc:1    | Noticed Harold
 24723 | Orc:1    | Noticed Erolcha
 24723 | Orc:1    | Noticed Maurice
 24723 | Orc:1    | Noticed Snorg
 24870 | Orc:1    | Killed Erolcha
 24876 | Orc:1    | Killed Snorg
 24888 | Orc:1    | Killed Harold
 24901 | Orc:1    | Killed Maurice
 24902 | Orc:1    | Reached skill level 11 in Shields
 25598 | Orc:2    | Bought the ring "Pyub" {rElec rCorr Str+4 Dex+3} for 779
                  | gold pieces
 25753 | D:9      | Bought 2 scrolls of enchant armour for 210 gold pieces
 25753 | D:9      | Bought a scroll of vulnerability for 56 gold pieces
 25753 | D:9      | Bought a scroll of teleportation for 42 gold pieces
 25971 | D:2      | Bought 2 potions of heal wounds for 100 gold pieces
 25971 | D:2      | Bought a scroll of poison for 40 gold pieces
 26027 | D:4      | Bought a potion of haste for 130 gold pieces
 26027 | D:4      | Bought a potion of haste for 130 gold pieces
 26027 | D:4      | Bought a potion of curing for 39 gold pieces
 26330 | Orc:2    | Bought a ring of protection from fire for 375 gold pieces
 26477 | D:15     | Identified the +0 short sword of the Trees {venom, Int+3}
 26492 | D:15     | Received a gift from Okawaru
 26506 | D:15     | Identified the +6 war axe of Qourgh {antimagic, rN+ Str+2
                  | Dex+2}
 26794 | D:15     | Noticed Azrael
 26804 | D:15     | Reached XP level 16. HP: 113/117 MP: 21/24
 26813 | D:15     | Killed Azrael
 27167 | D:15     | Received a gift from Okawaru
 27527 | D:15     | Found a shimmering blue altar of Sif Muna.
 27542 | D:15     | Got a decrepit book
 27838 | D:15     | Found a staircase to the Depths.
 28266 | D:3      | Killed Kurtz's ghost
 28397 | D:7      | Noticed Menkaure
 28401 | D:7      | Killed Menkaure
 28486 | D:7      | Noticed Pikel
 28492 | D:7      | Killed Pikel
 28647 | D:7      | Found a runed translucent door.
 28648 | D:7      | Noticed Crazy Yiuf
 28835 | D:7      | Killed Crazy Yiuf
 29828 | Orc:2    | Bought a ring of poison resistance for 320 gold pieces
 30075 | Snake:1  | Entered Level 1 of the Snake Pit
 30705 | Snake:1  | Received a gift from Okawaru
 30883 | Snake:1  | Noticed Kirke
 30899 | Snake:1  | Killed Kirke
 31647 | Snake:2  | Received a gift from Okawaru
 31850 | Snake:2  | Found Kajousas's Distillery.
 32046 | Snake:2  | Reached skill level 12 in Shields
 32142 | Snake:2  | Found Geage's Magic Scroll Boutique.
 32149 | Snake:2  | Found Kukew's Book Shop.
 32239 | Snake:2  | Bought a scroll of fear for 56 gold pieces
 32272 | Snake:2  | Noticed a nagaraja
 32285 | Snake:2  | Killed a nagaraja
 32565 | Snake:2  | Received a gift from Okawaru
 32566 | Snake:2  | Reached XP level 17. HP: 121/125 MP: 26/26
 33192 | Snake:3  | Reached skill level 13 in Shields
 33464 | Snake:3  | Received a gift from Okawaru
 34053 | Snake:4  | Entered Level 4 of the Snake Pit
 34303 | Snake:3  | Reached skill level 15 in Fighting
 34619 | Snake:4  | Received a gift from Okawaru
 34622 | Snake:4  | Reached skill level 14 in Shields
 35194 | Snake:4  | Reached ****** piety under Okawaru
 35239 | Snake:3  | Acquired a +4 heavy broad axe
 35239 | Snake:3  | Received a gift from Okawaru
 35240 | Snake:3  | Acquired the +0 hat of Lust {-Cast +Inv rPois Slay+4}
 35240 | Snake:3  | Received a gift from Okawaru
 35492 | Snake:4  | Received a gift from Okawaru
 36373 | Snake:4  | Reached XP level 18. HP: 78/135 MP: 20/27
 36697 | Snake:4  | Received a gift from Okawaru
 36698 | Snake:4  | Reached skill level 15 in Shields
 36822 | Snake:4  | Got a serpentine rune of Zot
 37043 | Snake:4  | Upgraded the game from 0.31-a0-833-gc15d34cb79 to
                  | 0.31-a0-836-g3ceb0a68c4
 37091 | Snake:2  | Bought a potion of heal wounds for 90 gold pieces
 37091 | Snake:2  | Bought a potion of heal wounds for 90 gold pieces
 37091 | Snake:2  | Bought a potion of might for 72 gold pieces
 37360 | Vaults:1 | Entered Level 1 of the Vaults
 37760 | Vaults:1 | Received a gift from Okawaru
 38204 | Vaults:1 | Found Niffiz's Armour Shoppe.
 38528 | Vaults:1 | Found Saedef's General Store.
 38536 | Vaults:1 | Bought a scroll of revelation for 120 gold pieces
 38607 | Vaults:1 | Got a gaudy book
 39353 | Vaults:2 | Reached skill level 16 in Shields
 39378 | Vaults:2 | Received a gift from Okawaru
 39744 | Vaults:2 | Found Utuanil's Armour Shoppe.
 39938 | Vaults:2 | Reached XP level 19. HP: 144/144 MP: 29/29
 40020 | Vaults:2 | Received a gift from Okawaru
 40465 | Vaults:2 | You are sucked into a shaft and drop 2 floors!
 40927 | Vaults:4 | Received a gift from Okawaru
 41717 | Vaults:4 | Received a gift from Okawaru
 42125 | Vaults:4 | Reached skill level 15 in Dodging
 42934 | Vaults:3 | Noticed Aizul
 42951 | Vaults:3 | Killed Aizul
 43615 | Vaults:3 | Reached skill level 17 in Shields
 44055 | Vaults:3 | Reached XP level 20. HP: 113/153 MP: 30/30
 44487 | Vaults:3 | Found Haxaic's Magic Scroll Shoppe.
 44490 | Vaults:3 | Bought a scroll of torment for 104 gold pieces
 44555 | Vaults:3 | Noticed Margery
 44568 | Vaults:3 | Received a gift from Okawaru
 44573 | Vaults:3 | Killed Margery
 44929 | Vaults:3 | Noticed Mara
 44929 | Vaults:3 | Identified a scroll of acquirement
 44942 | Vaults:3 | Killed Mara
 45003 | Vaults:3 | Acquired a manual of Invocations
 45642 | Vaults:2 | Received a gift from Okawaru
 45657 | Vaults:2 | Found a staircase to the Crypt.
 46290 | Shoals:1 | Entered Level 1 of the Shoals
 46290 | Shoals:1 | Found a transporter.
 46297 | Shoals:1 | Found a transporter.
 46710 | Shoals:1 | Reached skill level 18 in Shields
 46907 | Shoals:1 | Found a transporter.
 46909 | Shoals:1 | Found a transporter.
 46933 | Shoals:1 | Found a transporter.
 46938 | Shoals:1 | Found a transporter.
 47117 | Shoals:2 | Noticed Mlioglotl
 47138 | Shoals:2 | Killed Mlioglotl
 47982 | Shoals:2 | Received a gift from Okawaru
 48657 | Shoals:3 | Noticed Nikola
 48678 | Shoals:3 | Killed Nikola
 49290 | Shoals:3 | Noticed Roxanne
 49626 | Shoals:3 | Killed Roxanne
 49763 | Shoals:4 | Entered Level 4 of the Shoals
 49956 | Shoals:4 | Reached XP level 21. HP: 112/162 MP: 31/31
 50222 | Shoals:4 | Got a barnacled rune of Zot
 50370 | Shoals:4 | Identified the ring of Brilliance {Wiz Fly rCorr}
 50997 | Shoals:4 | Identified the +0 battleaxe of Ascent {holy, +Blink rC+++
                  | rN++ Int-5}
 51656 | Shoals:4 | Reached skill level 15 in Invocations
 51663 | Shoals:4 | Identified the +0 ring mail of Recklessness {rF- Will+++
                  | Str+6 Dex-5}
 52129 | Elf:1    | Entered Level 1 of the Elven Halls
 52169 | Elf:1    | Found Iheigot's Weapon Shop.
 52254 | Elf:1    | Reached skill level 19 in Shields
 52295 | Elf:1    | Got a decrepit book
 53713 | Elf:2    | Found a runed translucent gate.
 53714 | Elf:2    | Found a runed translucent gate.
 53723 | Elf:2    | Found a runed translucent gate.
 53812 | Elf:2    | Paralysed by an air elemental for 1 turns
 55222 | Elf:3    | Entered Level 3 of the Elven Halls
 55318 | Elf:3    | Reached XP level 22. HP: 168/171 MP: 34/34
 55403 | Elf:3    | Found an ancient bone altar of Kikubaaqudgha.
 55666 | Elf:3    | Reached skill level 20 in Shields
 55691 | Elf:3    | Received a gift from Okawaru
 56512 | Elf:3    | Identified the amulet of Paiv {Spirit Int+3}
 57148 | Elf:3    | Identified the +10 broad axe "Ukhit" {flame, rElec rF+}
 57304 | Elf:3    | Reached skill level 1 in Stealth
 57593 | Elf:3    | Identified the staff "Onetz" {Necro Earth}
 58061 | Elf:3    | Received a gift from Okawaru
 58322 | Elf:3    | Acquired the ring "Qopn" {Wiz Drain Str+3 Dex+3}
 58441 | Elf:3    | Learned a level 4 spell: Passage of Golubria
 58779 | Depths:1 | Entered Level 1 of the Depths
 58788 | Depths:1 | Found a one-way gateway to a ziggurat.
 58840 | Depths:1 | Found a flickering gateway to a bazaar.
 58879 | Bazaar   | Entered a bazaar
 58975 | Bazaar   | Found Lafin's Distillery.
 58975 | Bazaar   | Found Aryreure's Armour Emporium.
 58997 | Bazaar   | Found Miho's Assorted Antiques.
 59013 | Bazaar   | Found Buylet's Magic Scroll Shoppe.
 59013 | Bazaar   | Found Eriju's Jewellery Emporium.
 59024 | Bazaar   | Bought a +4 ring of slaying for 468 gold pieces
 59053 | Bazaar   | Bought a scroll of revelation for 75 gold pieces
 59053 | Bazaar   | Bought a scroll of teleportation for 30 gold pieces
 59077 | Bazaar   | Bought a potion of curing for 75 gold pieces
 59077 | Bazaar   | Bought a wand of digging (2) for 210 gold pieces
 59097 | Bazaar   | Bought a potion of heal wounds for 90 gold pieces
 59097 | Bazaar   | Bought a potion of magic for 144 gold pieces
 59097 | Bazaar   | Bought a potion of might for 72 gold pieces
 59097 | Bazaar   | Bought a potion of curing for 54 gold pieces
 59097 | Bazaar   | Bought a potion of curing for 54 gold pieces
 59144 | Depths:1 | Found a one-way gate leading to the halls of Pandemonium.
 59573 | Depths:1 | Reached skill level 21 in Shields
 59945 | Depths:1 | Found a gateway to Hell.
 59999 | Depths:1 | Found a hazy altar of Hepliaklqana.
 60801 | Depths:2 | Noticed the Enchantress
 60807 | Depths:2 | Received a gift from Okawaru
 60808 | Depths:2 | Reached XP level 23. HP: 178/178 MP: 27/35
 60828 | Depths:2 | Killed the Enchantress
 62258 | Depths:2 | Noticed Asterion
 62269 | Depths:2 | Killed Asterion
 62661 | Depths:2 | Received a gift from Okawaru
 63082 | Depths:2 | Reached skill level 1 in Translocations
 63082 | Depths:2 | Reached XP level 24. HP: 179/185 MP: 32/36
 63211 | Depths:2 | Reached skill level 22 in Shields
 63485 | Depths:2 | Identified the amulet "Ucin" {Reflect Rampage SH+5}
 63612 | Depths:2 | Noticed an ancient lich
 63618 | Depths:2 | Killed an ancient lich
 63864 | Depths:3 | Found a magical portal.
 63875 | WizLab   | Entered The Chambers of the Cloud Mage
 63879 | WizLab   | Paralysed by an air elemental for 1 turns
 65110 | WizLab   | Got a quivering book
 65117 | WizLab   | Identified the staff "Neju" {Will+ Conj}
 65309 | Depths:3 | Reached skill level 5 in Stealth
 65561 | Depths:3 | Noticed a caustic shrike
 65561 | Depths:3 | Noticed a caustic shrike
 65561 | Depths:3 | Noticed a caustic shrike
 65562 | Depths:3 | Noticed a caustic shrike
 65563 | Depths:3 | Noticed a caustic shrike
 65577 | Depths:3 | Killed a caustic shrike
 65578 | Depths:3 | Reached XP level 25. HP: 192/192 MP: 30/36
 65810 | Depths:3 | Noticed a juggernaut
 65822 | Depths:3 | Killed a juggernaut
 65852 | Depths:3 | Reached skill level 23 in Shields
 65929 | Depths:3 | Identified the +3 great sword "Fioleaxt" {freeze, rPois rF+
                  | rCorr}
 66206 | Depths:3 | Received a gift from Okawaru
 66921 | Depths:3 | Identified the +3 dagger "Ukhlamu" {heavy, rElec Dex+3}
 67438 | Depths:4 | Entered Level 4 of the Depths
 67505 | Depths:4 | Noticed Mennas
 67522 | Depths:4 | HP: 9/291 [ettin/+0 dire flail (6)]
 67523 | Depths:4 | HP: 3/291 [Mennas/+4 eudemon blade of holy wrath (6)]
 67524 | Depths:4 | Mangled by Mennas

Illustrated notes

Levels and vault maps discovered:
D:1:      wander_arrival_desolate, layout_loops_corners, basic_ecumenical_altar,
          minmay_split_cup_large
D:2:      layout_rooms, serial_shops, shop, shop
D:3:      lemuel_castle_with_subvaults [lemuel_castle_interior_carwin_3],
          layout_loops_ring, nicolae_elyvilon_peaceful_grove,
          nicolae_overflow_squiral, jmf_multi_god_temple, gammafunk_ghost_grave
D:4:      layout_basic, nemelex_xobeh_ov_fountains_minmay,
          minmay_temple_entry_junction_2, serial_shops, nicolae_shop_crystal
D:5:      cheibrodos_fertilizer, layout_basic, amcnicky_altar_gilded,
          dk_noncrumbling_3
D:6:      layout_basic, makhleb_altar_promises_db
D:7:      layout_basic, uniq_crazy_yiuf_cottage, uniq_pikel, uniq_menkaure
D:8:      layout_cave_pods, nicolae_wu_jian_glorious_leap,
          kiku_gazebo_garden_becter, hellmonk_lair_entry_icy,
          minmay_crystal_water, minmay_manual_mail
D:9:      layout_loops_ring, kennysheep_mini, serial_shops,
          kennysheep_little_box
D:10:     layout_roguey
D:11:     layout_gridville, gauntlet_entry_generic, uniq_lodul
D:12:     layout_basic, orc_0_dummy, gammafunk_ghost_hive,
          nicolae_dithmenos_the_darkroom
D:13:     layout_loops_ring, serial_shops, shop, minmay_lindwurm_lava
D:14:     layout_cave_pools, lightli_vaults_fourway_checkpoint,
          old_standard_altar
D:15:     grunt_enter_depths_hoard, layout_loops_ring, kennysheep_flooded_box,
          special_room [special_room_mythical_zoo], led_sif_book, uniq_azrael
Temple:   chequers_temple_sunken
Lair:1:   layout_gridlike
Lair:2:   layout_roguey, chequers_serial_rivers_micro_e, serial_bayou_pond_c
Lair:3:   layout_regular_city, nicolae_shoals_entry_roost,
          alex1729_snake_entry_snake, pond
Lair:4:   layout_loops_ring, beast_lair_carwin_11, grunt_megastairs_2,
          infiniplex_staircase_pool
Lair:5:   hellmonk_lair_end_abyssal_woods, layout_layer_cave,
          minmay_slime_entry_pillars, wad_woods_03, uniq_sonja
Shoals:1: layout_shoals, serial_nicolae_subway, nicolae_sub_station_crystal,
          nicolae_sub_station_metal, nicolae_sub_station_stone
Shoals:2: layout_shoals, uniq_mlioglotl
Shoals:3: layout_shoals, uniq_roxanne, uniq_nikola
Shoals:4: shoals_end_simple, layout_shoals
Snake:1:  layout_grid_shapes, special_room, nicolae_snake_slithery_corners,
          serial_bayou_shore_b, grunt_megastairs_3, uniq_kirke
Snake:2:  layout_rooms, serial_shops, shop, minmay_shoptagon
Snake:3:  layout_gridlike
Snake:4:  grunt_snake_rune_pools, layout_basic, serial_bayou_pond_e,
          nrook_guardian_serpent_ordinary, grunt_megastairs_4,
          serial_bayou_shore_b
Orc:1:    layout_caves, basic_altar, david_defended_altar_orc, uniq_harold,
          uniq_erolcha, uniq_maurice, uniq_snorg
Orc:2:    st_orc_rangers, layout_caves
Elf:1:    minmay_elf_arrival_summoners, layout_gridlike, serial_shops, shop,
          minmay_elf_sorcery, st_stairs_12
Elf:2:    elven_hall_of_blades_hangedman_original
          [nicolae_blade_entry_area_security], layout_onion_city,
          nicolae_elf_glass_and_crystal_pillar_2
Elf:3:    nooodl_elf_gasket, layout_rooms, basic_altar
Vaults:1: st_lattice, vaults_mumra_chevron, vaults_mumra_chevron_long,
          nicolae_vaults_steering_wheel, nicolae_vaults_six-pack,
          nicolae_vaults_puzzle_piece, nicolae_vaults_storage_closets_2,
          v_misc_10, nicolae_vaults_taking_the_gang_shopping,
          nicolae_vaults_tetromino_T_2, layout_vaults_chaotic_city,
          serial_shops, nicolae_shop_peninsula
Vaults:2: vaults_dpeg_encased_lava, hangedman_vaults_nails,
          minmay_crypt_entry_skeletal_spiral, nicolae_vaults_spaceships,
          ontoclasm_vaults_decontamination, nicolae_vaults_double_plus_2,
          ontoclasm_vaults_pinch, nicolae_vaults_stairing_the_circle, st_cross,
          nicolae_vaults_variable_pillar_hall, nicolae_vaults_network_s,
          vaults_standard_mumra_x, hangedman_vaults_slice,
          nicolae_vaults_trapezoid_lopsided_1, layout_vaults_omnibox,
          serial_shops, nicolae_shop_tiny_real_fake_doors
Vaults:3: nicolae_vaults_fighting_squares, nicolae_vaults_swerve,
          nicolae_vaults_more_shelving_2, v_misc_12, nicolae_vaults_diamond_1,
          nicolae_vaults_turnstiles, nicolae_vaults_three_branches,
          layout_vaults_maze_snakey, serial_shops, nicolae_shop_real_fake_doors,
          uniq_aizul, uniq_mara, uniq_margery
Vaults:4: ontoclasm_vaults_shuriken, serial_ice_b, ontoclasm_vaults_gallery,
          nicolae_vaults_ninety_degrees, v_misc_22, vaults_room_boxed,
          ontoclasm_vaults_ring_square, dpeg_vaults_monster_box,
          nicolae_vaults_house_3, vaults_room_ringed_pool,
          nicolae_vaults_border_crossing, v_misc_3,
          nicolae_vaults_diagonal_hallway_6, layout_vaults_omnicross
Depths:1: layout_gridlike, ziggurat_fallback, pan_entry, serial_shops,
          bzr_entry_gold, nicolae_two_hexagons, lightli_too_deep,
          serial_sigils_hangedman_clutch, nicolae_hepliaklqana_monster_ancestors
Depths:2: lemuel_river_lethe, hell_entry, pan_entry, uniq_enchantress,
          uniq_asterion
Depths:3: grunt_bent_corner, layout_small_grid, grunt_pan_entry_in_and_out,
          mu_enter_wizlab_3, hell_entry, abyss_entry, firewood_loft
Depths:4: evilmike_zot_entry_argh, layout_honeycomb, serial_shops, shop,
          nicolae_ru_the_path_less_chosen, hell_entry, serial_bayou_shore_a,
          uniq_mennas

Skill      XL: |  1  2  3  4  5  6  7  8  9 10 11 12 13 14 15 16 17 18 19 20 21 22 23 24 25 |
---------------+----------------------------------------------------------------------------+-----
Axes           | 3 4 5 6 7 8 10 11 12 13 14 15 16 18 | 18.0
Invocations    | 1 2 3 4 5 7 8 9 10 11 12 13 14 16 17 18 19 | 19.7
Dodging        | 4 6 7 8 9 11 12 13 15 16 17 18 19 20 | 20.0
Fighting       | 4 6 7 9 10 11 13 14 15 17 18 19 20 21 | 21.8
Shields        | 4 5 6 7 8 9 11 12 14 16 17 18 19 21 22 23 | 23.7
Stealth        | 2 4 5 7 |  7.1
Spellcasting   | 2 |  2.1
Translocations | 1 |  1.5

Action                     |  1- 3 |  4- 6 |  7- 9 | 10-12 | 13-15 | 16-18 | 19-21 | 22-24 | 25-27 || total
---------------------------+-------+-------+-------+-------+-------+-------+-------+-------+-------++-------
  Melee: War axe           |    63 |   103 |   192 |   478 |  1026 |       |       |       |       ||  1862
         Constrict         |    14 |    34 |    48 |    50 |   143 |    90 |   210 |   131 |    64 ||   784
         Tentacles         |     8 |    23 |    61 |   157 |   371 |   324 |   437 |   298 |   140 ||  1819
         Punch             |     1 |       |     7 |    12 |    22 |    22 |    50 |    31 |    16 ||   161
         Flail             |       |       |    22 |       |       |       |       |       |       ||    22
         Broad axe         |       |       |       |       |    69 |  1049 |  1273 |   825 |   381 ||  3597
  Throw: Dart              |       |     4 |     4 |    36 |    48 |       |       |     3 |       ||    95
         Throwing net      |       |       |     1 |       |     3 |       |       |       |       ||     4
         Javelin           |       |       |       |       |     2 |     4 |       |    11 |       ||    17
 Invoke: Heroism           |       |       |     4 |     9 |    12 |    15 |    19 |    14 |     3 ||    76
         Finesse           |       |       |       |     3 |     1 |     4 |    10 |     6 |     2 ||    26
         Receive Weapon    |       |       |       |       |       |     1 |       |       |       ||     1
         Receive Armour    |       |       |       |       |       |     1 |       |       |       ||     1
  Evoke: Wand              |       |       |     2 |     5 |     7 |       |       |     1 |       ||    15
    Use: Scroll            |       |       |     1 |    10 |    13 |     9 |     4 |     5 |     1 ||    43
         Potion            |       |       |     4 |     1 |     4 |     5 |       |     6 |     2 ||    22
   Stab: Sleeping          |     6 |     4 |     7 |    11 |    20 |    11 |    34 |    15 |     4 ||   112
         Distracted        |       |     2 |       |     1 |     2 |     5 |     3 |     5 |     2 ||    20
         Held in net/web   |       |       |     1 |       |     4 |       |       |       |       ||     5
         Invisible         |       |       |       |       |    22 |       |       |       |       ||    22
 Armour: Skin              |    25 |    18 |    54 |    91 |   257 |   243 |   283 |   188 |    59 ||  1218
  Dodge: Dodged            |    40 |    88 |   135 |   339 |   925 |   916 |   851 |   273 |    95 ||  3662
  Block: Buckler           |    16 |    28 |    41 |   116 |   322 |       |       |       |       ||   523
         Kite shield       |       |       |       |       |   165 |   822 |   754 |    90 |       ||  1831
         Tower shield      |       |       |       |       |       |       |       |   647 |   281 ||   928
         Reflection        |       |       |       |       |       |       |       |     2 |     1 ||     3

Table legend: (Time is in decaauts)
 A = Elapsed time spent in this place.
 B = Non-inter-level travel time spent in this place.
 C = Inter-level travel time spent in this place.
 D = Time resting spent in this place.
 E = Time spent auto-exploring this place.
 F = Levels seen in this place.
 G = Mean time per level.
                   A        B        C        D        E       F      G
               +--------+--------+--------+--------+--------+-----+--------+
         Total |  66257 |  59550 |   6707 |  18276 |  28951 |  45 | 1472.4 |
       Dungeon |  20233 |  16055 |   4178 |   3007 |   9486 |  15 | 1348.9 |
        Temple |     43 |     25 |     18 |      0 |      0 |   1 |   43.0 |
          Lair |   7805 |   7000 |    805 |   2104 |   3540 |   5 | 1561.0 |
        Shoals |   5499 |   5269 |    230 |   1398 |   2876 |   4 | 1374.8 |
     Snake Pit |   6344 |   6075 |    269 |   2272 |   2436 |   4 | 1586.0 |
  Orcish Mines |   2392 |   1894 |    498 |    262 |   1163 |   2 | 1196.0 |
   Elven Halls |   6369 |   6060 |    309 |   2798 |   1970 |   3 | 2123.0 |
        Vaults |   8486 |   8235 |    251 |   2807 |   4324 |   4 | 2121.5 |
        Depths |   6769 |   6624 |    145 |   2749 |   2454 |   4 | 1692.2 |
        Bazaar |    257 |    257 |      0 |      0 |    152 |   1 |  257.0 |
        Wizlab |   1361 |   1361 |      0 |    817 |     78 |   1 | 1361.0 |
      Gauntlet |    695 |    695 |      0 |     60 |    472 |   1 |  695.0 |
               +--------+--------+--------+--------+--------+-----+--------+

Top non-repeatable levels by time:
   Elf:3: 3274 daAuts
Vaults:3: 2796 daAuts
 Snake:4: 2481 daAuts
     D:8: 2415 daAuts
  Lair:5: 2354 daAuts
Depths:1: 2345 daAuts
Depths:2: 2303 daAuts
  Lair:3: 2167 daAuts
Depths:3: 2070 daAuts
Shoals:4: 2050 daAuts
    D:14: 2038 daAuts
   Elf:2: 2025 daAuts
Vaults:2: 1950 daAuts
    D:15: 1893 daAuts
Vaults:4: 1871 daAuts
